 Dungeon Sprint DCSS version 0.22-a0-412-g2b68d144a4 (webtiles) character file.

8801 Denreik the Tortoise (level 11, -5/90 HPs)
             Began as a Formicid Fighter on May 12, 2018.
             Was a High Priest of Sif Muna.
             Killed by divine providence
             ... invoked by an orc priest
              (14 damage)
             ... in the Dungeon (Sprint IX: "|||||||||||||||||||||||||||||").
             The game lasted 00:17:41 (2269 turns).

Denreik the Tortoise (Formicid Fighter)             Turns: 2269, Time: 00:17:41

Health: -5/90      AC: 24    Str: 25    XL:     11   Next: 62%
Magic:  11/11      EV: 15    Int:  7    God:    Sif Muna [*****.]
Gold:   1267       SH: 13    Dex: 17    Spells: 10/10 levels left

rFire    x . .     SeeInvis +   b - +2 halberd "Nasoesud" {chop, rElec rF- Dex+7}
rCold    . . .     Gourm    .   c - +0 shield
rNeg     + . .     Faith    .   q - +0 plate armour
rPois    .         Spirit   .   (helmet unavailable)
rElec    +         Reflect  .   t - +0 cloak
rCorr    .         Harm     .   F - +0 pair of gloves
MR       ++...                  G - +0 pair of boots
Stlth    ..........             (no amulet)
HPRegen  0.25/turn              v - +2 ring of protection
MPRegen  0.12/turn              x - ring of Nain {rN+ MR+ SInv Stlth+}

@: no status effects
A: permanent stasis, dig shafts and tunnels, four strong arms, antennae 3
a: Dig, Divine Energy, Channel Magic, Forget Spell, Renounce Religion


You were in the Dungeon.
You worshipped Sif Muna.
Sif Muna was extremely pleased with you.
You were not hungry.

You visited 1 branch You collected 1267 gold pieces.

Inventory:

Hand Weapons
 a - a +4 quarterstaff of protection
 b - the +2 halberd "Nasoesud" (weapon) {chop, rElec rF- Dex+7}
   (You found it in the Dungeon)

   It inflicts extra damage upon your enemies.
   It affects your dexterity (+7).
   It makes you vulnerable to fire.
   It insulates you from electricity.
 r - a +2 morningstar of protection
Missiles
 y - 10 bolts
 D - 30 stones (quivered)
Armour
 c - a +0 shield (worn)
 q - a +0 plate armour (worn)
 t - a +0 cloak (worn)
 u - a +1 chain mail
 F - a +0 pair of gloves (worn)
 G - a +0 pair of boots (worn)
Magical Staves
 p - an uncursed staff of energy
Jewellery
 v - a +2 ring of protection (left hand)
 w - a +2 ring of evasion
 x - the ring of Nain (right hand) {rN+ MR+ SInv Stlth+}
   (You found it in the Dungeon)

   [ring of see invisible]

   It protects you from negative energy.
   It affects your resistance to hostile enchantments.
   It lets you see invisible.
   It makes you more stealthy.
 E - an uncursed ring of protection from magic
Wands
 o - a wand of iceblast (10)
Scrolls
 k - 3 scrolls of blinking
 m - 4 scrolls of remove curse
 n - 2 scrolls of amnesia
 z - 4 scrolls of enchant weapon
 A - a scroll of identify
 B - a scroll of fog
Potions
 d - a potion of mutation
 e - a potion of invisibility
 g - 3 potions of heal wounds
 h - a potion of haste
 i - 4 potions of magic
 j - 2 potions of berserk rage
 l - 3 potions of curing
 s - 2 potions of might
Comestibles
 f - 11 rations


   Skills:
 - Level 10.0 Fighting
 - Level 11.5(12.4) Polearms
 - Level 8.2(11.0) Staves
 - Level 16.0 Armour
 - Level 12.2 Dodging
 * Level 11.5 Shields


You had 10 spell levels left.
You didn't know any spells.
Your spell library contained the following spells:

 Spells                   Type           Power        Failure   Level  Hunger
 Confuse                  Hex            #.......     100%        3    ####...
 Corona                   Hex            #......      97%         1    ##.....
 Iskenderun's Battlesphe  Conj/Chrm      #.......     100%        5    ######.
 Summon Mana Viper        Hex/Summ       #.......     100%        5    ######.


Dungeon Overview and Level Annotations

Branches:
Dungeon (1/1)

Altars:
Cheibriados
Dithmenos
Elyvilon
Fedhas
Gozag
Hepliaklqana
Kikubaaqudgha
Makhleb
Nemelex Xobeh
Okawaru
Qazlal
Ru
Sif Muna
Trog
Uskayaw
Vehumet
Wu Jian
Xom
Yredelemnul
Zin
The Shining One
Beogh
Jiyva
Lugonu

Shops:
D !


Innate Abilities, Weirdness & Mutations

You cannot be hasted, slowed, berserked, paralysed or teleported.
You can dig through walls and to a lower floor.
Your four strong arms can wield two-handed weapons with a shield.
You have a pair of large antennae on your head. (SInv)


Message History

The neqoxec is in the way.
You slash the neqoxec!
You kill the neqoxec!
The orc high priest mumbles some strange prayers to Beogh.
The orc high priest mumbles some strange prayers to Beogh against you.
Beogh smites you!
* * * LOW HITPOINT WARNING * * *
Attack whom?
Press: ? - help, Dir - move target cursor, f/p - orc high priest
Aim: an orc high priest, wielding an enchanted scimitar and wearing a ring mail (lightly wounded)
You reach to attack!
You hit the orc high priest.
The orc high priest is moderately wounded.
The orc high priest invokes the aid of Beogh against you.
Beogh smites you!
* * * LOW HITPOINT WARNING * * *
You hit the orc high priest but do no damage.
The orc high priest is moderately wounded.
The orc high priest hits you but does no damage.
The orc priest calls down the wrath of Beogh upon you.
Beogh smites you!
You die...

▓[▓.▓.▓.▓ {
▓.▓.▓.▓.▓o▓
{
▓)▓.▓.▓.▓4▓
{
▓.▓.▓.▓.▓$▓
{
▓.▓.▓.▓.▓o▓
{
▓.▓.▓.▓.▓o▓
▓'▓.▓†▓.▓o▓
▓_▓.▓.▓.▓o▓
▓_▓.▓.▓.▓@▓
▓_▓.▓.▓.▓.▓
▓_▓.▓.▓.▓.▓
▓_▓.▓.▓.▓.▓
▓_▓.▓.▓.▓.▓
▓_▓.▓.▓.▓.▓
▓_▓.▓.▓.▓.▓
▓_▓.▓.▓.▓.▓
▓_▓.▓†▓.▓.▓


You could see 4 orc high priests, a red devil and an orc priest.

Vanquished Creatures
  A hydra (D)
  3 orc high priests (D)
  An orc knight (D)
  A deep elf mage (D)
  A gargoyle (D)
  3 spiny frogs (D)
  4 polar bears (D)
  2 hippogriffs (D)
  A wraith (D)
  3 yaks (D)
  2 water moccasins (D)
  A porcupine (D)
  4 black bears (D)
  11 orc warriors (D)
  3 wolves (D)
  A phantom (D)
  3 crocodiles (D)
  2 bullfrogs (D)
  A crimson imp (D)
  4 orc priests (D)
  3 orc wizards (D)
  2 worker ants (D)
  A gnoll (D)
  An adder (D)
  A dart slug (D)
  A leopard gecko (D)
  6 orcs (D)
  A bat (D)
  A bat skeleton (D)
  2 goblins (D)
  2 quokka skeletons (D)
  A rat (D)
74 creatures vanquished.

Notes
Turn   | Place    | Note
-------+----------+-------------------------------------------
     0 | D        | Denreik the Formicid Fighter began the quest for the Orb.
     0 | D        | Reached XP level 1. HP: 18/18 MP: 1/1
    11 | D        | Reached skill level 5 in Shields
    14 | D        | Reached XP level 2. HP: 24/24 MP: 2/2
    41 | D        | Reached XP level 3. HP: 17/29 MP: 3/3
    55 | D        | Reached skill level 10 in Shields
    55 | D        | Reached XP level 4. HP: 3/35 MP: 4/4
   263 | D        | Found a roughly hewn altar of Beogh.
   263 | D        | Found a snail-covered altar of Cheibriados.
   263 | D        | Found a shadowy altar of Dithmenos.
   263 | D        | Found a white marble altar of Elyvilon.
   263 | D        | Found a blossoming altar of Fedhas.
   263 | D        | Found an opulent altar of Gozag.
   264 | D        | Found a hazy altar of Hepliaklqana.
   265 | D        | Found a viscous altar of Jiyva.
   266 | D        | Found an ancient bone altar of Kikubaaqudgha.
   267 | D        | Found a corrupted altar of Lugonu.
   268 | D        | Found a burning altar of Makhleb.
   269 | D        | Found a sparkling altar of Nemelex Xobeh.
   270 | D        | Found an iron altar of Okawaru.
   271 | D        | Found a stormy altar of Qazlal.
   272 | D        | Found a sacrificial altar of Ru.
   275 | D        | Found a deep blue altar of Sif Muna.
   276 | D        | Found a bloodstained altar of Trog.
   277 | D        | Found a hide-covered altar of Uskayaw.
   278 | D        | Found a radiant altar of Vehumet.
   279 | D        | Found an ornate altar of the Wu Jian Council.
   280 | D        | Found a shimmering altar of Xom.
   281 | D        | Found a basalt altar of Yredelemnul.
   282 | D        | Found a glowing silver altar of Zin.
   283 | D        | Found a glowing golden altar of the Shining One.
   291 | D        | Became a worshipper of Sif Muna the Loreminder
   310 | D        | Got the +2 halberd "Nasoesud" {chop, rElec rF- Dex+7}
   341 | D        | Noticed an orc warrior
   341 | D        | Noticed a yak
   341 | D        | Noticed a phantom
   352 | D        | Killed a yak
   352 | D        | Reached XP level 5. HP: 41/41 MP: 5/5
   352 | D        | Reached XP level 6. HP: 47/47 MP: 6/6
   367 | D        | Killed an orc warrior
   367 | D        | Reached skill level 10 in Polearms
   389 | D        | Killed a phantom
   389 | D        | Reached XP level 7. HP: 15/52 MP: 7/7
   611 | D        | Noticed a deep elf mage
   611 | D        | Noticed a gargoyle
   611 | D        | Noticed a four-headed hydra
   611 | D        | Noticed a wraith
   624 | D        | Killed a four-headed hydra
   624 | D        | Reached skill level 12 in Armour
   624 | D        | Reached XP level 8. HP: 24/58 MP: 8/8
   629 | D        | Reached * piety under Sif Muna
   648 | D        | Killed a wraith
   648 | D        | Reached skill level 13 in Armour
   660 | D        | Killed a gargoyle
   660 | D        | Reached skill level 14 in Armour
   660 | D        | Reached XP level 9. HP: 17/64 MP: 9/9
   668 | D        | Killed a deep elf mage
   668 | D        | Reached skill level 15 in Armour
   981 | D        | Got the ring of Nain {rN+ MR+ SInv Stlth+}
   994 | D        | Noticed a spiny frog
  1015 | D        | Reached skill level 16 in Armour
  1018 | D        | Noticed a spiny frog
  1051 | D        | Killed a spiny frog
  1051 | D        | Reached ** piety under Sif Muna
  1055 | D        | Reached XP level 10. HP: 39/70 MP: 10/10
  1076 | D        | Killed a spiny frog
  1258 | D        | Noticed a spiny frog
  1266 | D        | Killed a spiny frog
  1266 | D        | Reached skill level 5 in Fighting
  1302 | D        | Reached *** piety under Sif Muna
  1304 | D        | Reached skill level 10 in Fighting
  1334 | D        | Reached skill level 5 in Staves
  1376 | D        | Reached XP level 11. HP: 68/90 MP: 11/11
  1672 | D        | Reached **** piety under Sif Muna
  1677 | D        | Noticed an orc knight
  1706 | D        | Killed an orc knight
  1878 | D        | Noticed an orc high priest
  1878 | D        | Noticed an orc high priest
  1893 | D        | Killed an orc high priest
  1893 | D        | Reached skill level 10 in Dodging
  1895 | D        | Killed an orc high priest
  1918 | D        | Reached ***** piety under Sif Muna
  1922 | D        | Identified Sif Muna's Handbook of Assistive Enchantment (Sif Muna gifted it to you in the Dungeon)
  1922 | D        | Received a gift from Sif Muna
  2247 | D        | Found Escho's Distillery.
  2247 | D        | Noticed an orc high priest
  2247 | D        | Noticed an orc high priest
  2247 | D        | Noticed an orc high priest
  2247 | D        | Noticed an orc high priest
  2252 | D        | Noticed an orc high priest
  2260 | D        | Killed an orc high priest
  2269 | D        | Killed from afar by an orc priest

Vault maps used:
D:        linesprint

Skill      XL: |  1  2  3  4  5  6  7  8  9 10 11 |
---------------+----------------------------------+-----
Shields        | 5 8 10 11 | 11.5
Polearms       | 8 11 | 11.5
Armour         | 12 14 16 | 16.0
Dodging        | 6 8 12 | 12.2
Fighting       | 10 | 10.0
Staves         | 7 8 |  8.2

Action                   |  1- 3 |  4- 6 |  7- 9 | 10-12 || total
-------------------------+-------+-------+-------+-------++-------
Melee: Quarterstaff      |    34 |       |   109 |   187 ||   330
       Halberd           |       |    32 |       |    82 ||   114
  Use: Potion            |       |     1 |     3 |     1 ||     5
  Eat: Chunk             |       |       |       |     5 ||     5
Armor: Scale mail        |     8 |       |       |       ||     8
       Chain mail        |       |     8 |    15 |       ||    23
       Plate armour      |       |       |    24 |    83 ||   107
Dodge: Dodged            |    10 |    18 |    35 |    99 ||   162
Block: Shield            |    18 |    16 |    51 |   104 ||   189

Table legend:
 A = Spawn XP
 B = Non-spawn XP
 C = Spawn XP percentage of total XP
 D = Spawn monster count
 E = Non-spawn monster count
 F = Spawn count percentage of total count
 G = Total turns spent on level
                    A         B        C        D         E        F      G
               +---------+---------+-------+---------+---------+-------+---------
         Total |       0 |   12574 |   0.0 |       0 |      74 |   0.0 |  2269
               +---------+---------+-------+---------+---------+-------+---------
             D |       0 |   12574 |   0.0 |       0 |      74 |   0.0 |  2269
               +---------+---------+-------+---------+---------+-------+---------
